 Dungeon Crawl Stone Soup version 0.19.0-18-g426998a (webtiles) character file.

18658 Leibowitz the Covert (level 12, -4/75 HPs)
             Began as a Kobold Gladiator on Nov 11, 2016.
             Was an Elder of Uskayaw.
             Killed from afar by a molten gargoyle (16 damage)
             ... with a bolt of magma
             ... in a volcano.
             The game lasted 00:44:15 (12366 turns).

Leibowitz the Covert (Kobold Gladiator)            Turns: 12366, Time: 00:44:16

Health: -4/75      AC: 10    Str: 13    XL:     12   Next: 97%
Magic:  12/12      EV: 22    Int:  9    God:    Uskayaw [****..]
Gold:   700        SH: 13    Dex: 22    Spells: 0 memorised, 11 levels left

rFire  + . .     SeeInvis .     a - +3 dagger (venom)
rCold  . . .     Gourm    .     p - +1 leather armour {rF+}
rNeg   . . .     Faith    .     h - +1 shield
rPois  .         Spirit   .     c - +0 helmet
rElec  .         Reflect  .     x - +0 cloak
rCorr  .         Harm     .     (no gloves)
MR     .....                    q - +0 pair of boots
Stlth  ++++++....               (no amulet)
                                G - +2 ring of dexterity
                                n - +6 ring of slaying

@: no status effects
A: molten scales 1, carnivore 3
a: Stomp, Line Pass, Renounce Religion


You were in a volcano.
You worshipped Uskayaw.
Uskayaw was noncommittal.
You were very full.

You visited 4 branches of the dungeon, and saw 15 of its levels.
You also visited: Ossuary and Volcano.

You collected 700 gold pieces.

Inventory:

Hand Weapons
 a - a +3 dagger of venom (weapon)
 l - a +1 rapier
Missiles
 b - 27 poisoned needles
 d - 3 throwing nets (quivered)
Armour
 c - a +0 helmet (worn)
 h - a +1 shield (worn)
 p - a +1 leather armour of fire resistance (worn)
 q - a +0 pair of boots (worn)
 t - a +1 robe of fire resistance
 x - a +0 cloak (worn)
Jewellery
 m - an uncursed ring of protection from magic
 n - a +6 ring of slaying (left hand)
 v - an uncursed ring of protection from cold
 G - a +2 ring of dexterity (right hand)
Wands
 g - a wand of lightning (8/15)
 k - a wand of iceblast (5/15)
 u - a wand of flame (21/48)
 w - a wand of paralysis (22/24)
 E - a wand of lightning (12/15)
 I - a wand of disintegration (9/24)
 K - a wand of iceblast (4/15)
 L - a wand of lightning (8/15)
Scrolls
 i - 12 scrolls of identify
 o - 6 scrolls of teleportation
 r - 3 scrolls of remove curse
 y - 2 scrolls of magic mapping
 A - 2 scrolls of recharging
 F - 2 scrolls of blinking
 H - 3 scrolls of enchant weapon
 J - 3 scrolls of enchant armour
Potions
 e - 7 potions of curing
 s - 2 potions of flight
 z - 2 potions of heal wounds
 B - 4 potions of lignification
 C - a potion of invisibility
 D - a potion of agility
Comestibles
 f - 7 meat rations
 j - 10 slices of pizza
 N - 2 beef jerkies


   Skills:
 + Level 8.3 Fighting
 + Level 11.9 Short Blades
 + Level 2.7 Throwing
 + Level 4.8 Armour
 + Level 10.3 Dodging
 + Level 13.5 Stealth
 + Level 7.9 Shields
 + Level 0.5 Evocations


You had 11 spell levels left.
You didn't know any spells.

Dungeon Overview and Level Annotations

Branches:
Dungeon (11/15)            Temple (1/1) D:7            Lair (1/6) D:10
    Orc (2/2) D:11            Elf (0/3) Orc:2

Altars:
Ashenzari
Cheibriados
Dithmenos
Elyvilon
Fedhas
Gozag
Hepliaklqana
Kikubaaqudgha
Makhleb
Nemelex Xobeh
Okawaru
Qazlal
Ru
Sif Muna
Trog
Uskayaw
Vehumet
Xom
Yredelemnul
Zin
The Shining One

Shops:
D:5 *   Orc:2 %

Annotations:
D:4 Gedkyri's ghost, amateur MiFi
Lair:1 HessuHobo's ghost, journeyman MiAK


Innate Abilities, Weirdness & Mutations

You are small and have problems with some larger weapons.
You are carnivorous and can eat meat at any time.
You are partially covered in molten scales. (AC +2)


Message History

The centaur hits you but does no damage.
You barely miss the centaur.
The centaur is moderately wounded.
You block the molten gargoyle's attack. The centaur barely misses you.
You puncture the centaur!
You kill the centaur!
You puncture the centaur!
The centaur looks as sick as possible!
The centaur is severely wounded.
You block the centaur's attack.
Uskayaw will force your foes to share their pain.
Uskayaw links your audience in an emotional bond!
You hit the centaur.
You kill the centaur!
The molten gargoyle hits you with a flail!
* * * LOW HITPOINT WARNING * * *
You are engulfed in flames.
You resist.
* * * LOW HITPOINT WARNING * * *
The molten gargoyle blasts magma at you!
The bolt of magma hits you! You partially resist.
You die...

### ###
##.## p(
+...+ #[
#._.# ###8#
#.9.#
##....##)))#
#$.....##@##
#$8..⌠.#...#
#$...).'.∩.+
##....##...#
##### ##'##
## #.# ..#
##.## #...
#8.8# #..§.
#...##.....


You could see a molten gargoyle.

Vanquished Creatures
  2 hydras
  A centaur warrior (Volcano)
  An unseen horror (D:10)
  3 hill giants
  Pikel (D:7)
  The ghost of 2d6 the Bolt Thrower, a novice KoHu of Fedhas (Ossuary)
  A cyclops (D:11)
  A spiny frog (Lair:1)
  A centaur skeleton (D:10)
  2 trolls
  3 two-headed ogres
  A hippogriff (D:10)
  A wyvern (D:10)
  A wraith (Ossuary)
  A human (D:10)
  16 yaks
  4 hogs (D:10)
  4 fire bats (Volcano)
  Menkaure (D:5)
  3 wargs (D:11)
  2 hell hounds (Orc:2)
  A hornet zombie (D:11)
  7 porcupines (D:10)
  12 orc warriors
  A slave (D:6)
  A sky beast (D:8)
  4 phantoms (D:5)
  A black bear (D:9)
  3 ice beasts
  2 ogres
  12 centaurs
  6 crocodiles
  7 bullfrogs
  3 scorpions
  6 killer bees
  3 wights (D:7)
  6 howler monkeys
  5 lava snakes (Volcano)
  A bullfrog zombie (D:5)
  7 crimson imps
  3 bullfrog skeletons
  A centaur zombie (D:11)
  8 hounds
  3 jellies
  10 orc priests
  6 orc wizards
  3 iguanas
  Ijyb (D:3)
  5 worker ants
  A hound zombie (D:5)
  A hound skeleton (D:5)
  2 mummies
  8 adders
  4 gnolls
  3 river rats (D:10)
  An adder skeleton (D:9)
  2 adder zombies
  A worm (D:2)
  A dart slug (D:4)
  10 leopard geckos
  47 orcs
  3 ball pythons
  6 giant cockroaches
  8 goblins
  9 hobgoblins
  14 jackals
  2 quokkas
  6 bats
  6 frilled lizards
  A giant cockroach zombie (D:5)
  2 gnoll skeletons (Ossuary)
  A hobgoblin zombie (D:6)
  10 kobolds
  4 kobold skeletons (Ossuary)
  A leopard gecko zombie (D:6)
  19 orc skeletons (Ossuary)
  An orc zombie (D:6)
  11 rats
364 creatures vanquished.

Vanquished Creatures (others)
  A slave (D:7)
  An orc priest (D:6)
  A bush (D:10)
  2 fungi (D:10)
  8 plants (D:10)
13 creatures vanquished.

Grand Total: 377 creatures vanquished

Notes
Turn   | Place    | Note
-------+----------+-------------------------------------------
     0 | D:1      | Leibowitz the Kobold Gladiator began the quest for the Orb.
     0 | D:1      | Reached XP level 1. HP: 12/12 MP: 1/1
   197 | D:1      | Reached XP level 2. HP: 13/18 MP: 2/2
   619 | D:2      | Reached XP level 3. HP: 22/22 MP: 3/3
   878 | D:2      | Reached skill level 5 in Short Blades
   878 | D:2      | Reached XP level 4. HP: 3/27 MP: 4/4
  1493 | D:2      | Reached skill level 1 in Armour
  1666 | D:3      | Reached XP level 5. HP: 11/32 MP: 5/5
  2361 | D:3      | Reached skill level 1 in Stealth
  2399 | D:3      | Noticed Ijyb
  2408 | D:3      | Killed Ijyb
  2408 | D:3      | Reached XP level 6. HP: 31/36 MP: 6/6
  2923 | D:4      | Noticed Gedkyri's ghost (amateur MiFi)
  2964 | D:5      | Entered Level 5 of the Dungeon
  3013 | D:4      | Gained mutation: You are weak. (Str -2) [potion of mutation]
  3013 | D:4      | Gained mutation: Your flesh is cold resistant. (rC+) [potion of mutation]
  3013 | D:4      | Gained mutation: You are partially covered in molten scales. (AC +2) [potion of mutation]
  3167 | D:4      | Reached skill level 2 in Stealth
  3246 | D:4      | Reached XP level 7. HP: 25/41 MP: 7/7
  3639 | D:5      | Found Neockol's General Store.
  3888 | D:5      | Reached skill level 1 in Shields
  3990 | D:5      | Reached skill level 5 in Dodging
  4003 | D:5      | Noticed a two-headed ogre
  4006 | D:5      | Noticed Menkaure
  4029 | D:5      | Killed a two-headed ogre
  4029 | D:5      | Reached skill level 3 in Stealth
  4029 | D:5      | Reached XP level 8. HP: 14/46 MP: 8/8
  4036 | D:5      | Killed Menkaure
  4036 | D:5      | Reached skill level 4 in Stealth
  4497 | D:6      | Reached XP level 9. HP: 26/52 MP: 9/9
  4500 | D:6      | Reached skill level 5 in Stealth
  4570 | D:6      | Found a sand-covered staircase.
  4678 | Ossuary  | Entered an ossuary
  4917 | Ossuary  | Lost mutation: Your flesh is cold resistant. (rC+) [potion of cure mutation]
  4917 | Ossuary  | Lost mutation: You are weak. (Str -2) [potion of cure mutation]
  4952 | Ossuary  | Noticed 2d6's ghost (novice KoHu)
  4985 | Ossuary  | Killed 2d6's ghost
  4985 | Ossuary  | Reached skill level 6 in Stealth
  5331 | D:6      | Found an ancient bone altar of Kikubaaqudgha.
  5496 | D:6      | Reached skill level 10 in Short Blades
  6105 | D:7      | Noticed Pikel
  6233 | D:7      | Reached skill level 5 in Fighting
  6241 | D:7      | Reached XP level 10. HP: 51/59 MP: 10/10
  6393 | D:7      | Killed Pikel
  6599 | D:7      | Found a staircase to the Ecumenical Temple.
  6610 | Temple   | Entered the Ecumenical Temple
  6672 | Temple   | Became a worshipper of Uskayaw the Reveler
  6817 | D:8      | Reached * piety under Uskayaw
  6819 | D:8      | Reached ** piety under Uskayaw
  6820 | D:8      | Reached skill level 7 in Stealth
  7008 | D:8      | Reached *** piety under Uskayaw
  7883 | D:9      | Found a hazy altar of Hepliaklqana.
  8363 | D:9      | Found a shadowy altar of Dithmenos.
  8378 | D:9      | Found an iron altar of Okawaru.
  8382 | D:9      | Found a glowing golden altar of the Shining One.
  8430 | D:9      | Reached skill level 5 in Shields
  8763 | D:10     | Entered Level 10 of the Dungeon
  8764 | D:10     | Reached skill level 8 in Stealth
  8776 | D:10     | Reached XP level 11. HP: 64/64 MP: 11/11
  8780 | D:10     | Noticed a hill giant
  8784 | D:10     | Reached **** piety under Uskayaw
  8792 | D:10     | Killed a hill giant
  8792 | D:10     | Reached skill level 9 in Stealth
  8792 | D:10     | Reached ***** piety under Uskayaw
  8821 | D:10     | Reached ****** piety under Uskayaw
  9505 | D:10     | Reached skill level 10 in Stealth
  9517 | D:10     | Found a snail-covered altar of Cheibriados.
  9527 | D:10     | Found a staircase to the Lair.
  9828 | D:10     | Killed an unseen horror
 10106 | D:10     | Reached skill level 11 in Stealth
 10269 | D:10     | Reached XP level 12. HP: 72/72 MP: 12/12
 10671 | D:11     | Found a staircase to the Orcish Mines.
 10797 | D:11     | Reached skill level 10 in Dodging
 11147 | D:11     | Reached skill level 12 in Stealth
 11249 | D:11     | Noticed a four-headed hydra
 11268 | D:11     | Killed a four-headed hydra
 11528 | Lair:1   | Entered Level 1 of the Lair of Beasts
 11578 | Lair:1   | Noticed a five-headed hydra
 11600 | Lair:1   | Killed a five-headed hydra
 11615 | Lair:1   | Noticed HessuHobo's ghost (journeyman MiAK)
 11709 | Orc:1    | Entered Level 1 of the Orcish Mines
 11727 | Orc:1    | Reached skill level 13 in Stealth
 12084 | Orc:2    | Entered Level 2 of the Orcish Mines
 12140 | Orc:2    | Found Alibowu's Food Shop.
 12175 | Orc:2    | Found a dark tunnel.
 12183 | Volcano  | Entered a volcano
 12341 | Volcano  | Noticed a hell knight
 12347 | Volcano  | Found a radiant altar of Vehumet.
 12347 | Volcano  | Noticed a centaur warrior
 12358 | Volcano  | Killed a centaur warrior
 12366 | Volcano  | Killed from afar by a molten gargoyle

Skill      XL: |  1  2  3  4  5  6  7  8  9 10 11 12 |
---------------+-------------------------------------+-----
Dodging        | 4 5 6 7 8 9 10 | 10.3
Short Blades   | 5 6 8 9 10 11 | 11.9
Armour         | 1 2 3 4 |  4.8
Stealth        | 1 2 3 4 6 8 11 13 | 13.5
Fighting       | 3 4 5 6 7 8 |  8.3
Shields        | 1 2 3 5 6 7 |  7.9
Throwing       | |  2.7
Evocations     | |  0.5

Action                   |  1- 3 |  4- 6 |  7- 9 | 10-12 || total
-------------------------+-------+-------+-------+-------++-------
Melee: Rapier            |   128 |    68 |       |       ||   196
       Dagger            |       |    50 |   364 |   705 ||  1119
Throw: Throwing net      |     3 |       |       |       ||     3
Invok: Stomp             |       |       |       |     1 ||     1
Evoke: Wand              |       |       |     1 |       ||     1
  Use: Potion            |       |     8 |     8 |     1 ||    17
       Scroll            |       |     5 |     5 |     5 ||    15
 Stab: Sleeping          |       |     4 |     5 |    27 ||    36
       Distracted        |       |     1 |     1 |     4 ||     6
       Paralysed         |       |       |     1 |    25 ||    26
       Invisible         |       |       |     2 |       ||     2
  Eat: Chunk             |     8 |     8 |    10 |    19 ||    45
Armor: Leather armour    |    23 |    18 |    26 |    35 ||   102
Dodge: Dodged            |   107 |    76 |   114 |   233 ||   530
Block: Shield            |       |    10 |    92 |   274 ||   376
